 Dungeon Crawl Stone Soup version 0.21-a0-522-ga8338f0 (webtiles) character file.

44 Astral24 the Shield-Bearer (level 3, 0/29 HPs)
             Began as a Formicid Fighter on Dec 6, 2017.
             Slain by a gnoll
             ... wielding a +0 flail
              (9 damage)
             ... on level 2 of the Dungeon.
             The game lasted 00:08:03 (914 turns).

Astral24 the Shield-Bearer (Formicid Fighter)        Turns: 914, Time: 00:08:04

Health: 0/29       AC: 10    Str: 21    XL:     3   Next: 85%
Magic:  3/3        EV:  6    Int:  7    God:
Gold:   51         SH:  9    Dex: 10    Spells: 2/2 levels left

rFire    . . .     SeeInvis +   a - +0 long sword
rCold    . . .     Gourm    .   c - +0 shield
rNeg     . . .     Faith    .   p - +0 chain mail
rPois    .         Spirit   .   (helmet unavailable)
rElec    .         Reflect  .   (no cloak)
rCorr    .         Harm     +   (no gloves)
MR       .....                  i - +0 pair of boots
Stlth    ..........             o - amulet of harm
HPRegen  0.09/turn              (no ring)
MPRegen  0.08/turn              (no ring)

@: no status effects
A: permanent stasis, dig shafts and tunnels, four strong arms, antennae 3
a: Dig, Shaft Self


You were on level 2 of the Dungeon.
You were not hungry.

You visited 1 branch of the dungeon, and saw 2 of its levels.

You collected 51 gold pieces.

Inventory:

Hand Weapons
 a - a +0 long sword (weapon)
Missiles
 h - 36 stones (quivered)
 j - 26 bolts
 k - 28 poisoned needles
Armour
 b - a +0 scale mail
 c - a +0 shield (worn)
 i - a +0 pair of boots (worn)
 p - a +0 chain mail (worn)
Jewellery
 o - an amulet of harm (around neck)
Scrolls
 e - a scroll of identify {unknown}
 l - a scroll of immolation {unknown}
 m - 2 scrolls of remove curse {unknown}
Potions
 d - a potion of might
Comestibles
 f - a bread ration
 g - a chunk of flesh
 n - a meat ration


   Skills:
 + Level 3.4 Fighting
 * Level 2.9 Long Blades
 + Level 3.9 Armour
 + Level 3.9 Shields


You had 2 spell levels left.
You didn't know any spells.

Dungeon Overview and Level Annotations

Branches:
Dungeon (2/15)

Altars:


Innate Abilities, Weirdness & Mutations

You cannot be hasted, slowed, berserked, paralysed or teleported.
You can dig through walls and to a lower floor.
Your four strong arms can wield two-handed weapons with a shield.
You have a pair of large antennae on your head. (SInv)


Message History

You closely miss the adder. The adder completely misses you.
The gnoll hits you but does no damage. The adder bites you but does no damage.
You hit the adder but do no damage. The gnoll hits you but does no damage.
The adder bites you but does no damage. The gnoll hits you with a flail.
You block the gnoll's attack.
You slash the adder!
You kill the adder!
The gnoll hits you but does no damage. x2
You closely miss the gnoll.
The gnoll hits you from afar with an enchanted spear.
The gnoll completely misses you.
You riposte.
You slash the gnoll!
You kill the gnoll!
You block the gnoll's attack. x2
You closely miss the gnoll. The gnoll hits you but does no damage.
The gnoll hits you with a flail. The gnoll hits you but does no damage.
You closely miss the gnoll. The gnoll hits you with a flail.
The gnoll hits you but does no damage.
You hit the gnoll but do no damage. You block the gnoll's attack.
The gnoll hits you with a flail!
You die...

#. #.. ............ .
................ #.##
................ #.#.
............S...
.##...##...............
.......... .........
......gg# ......)@#
.......%####
.......)...#
....#...##.## ...
###.##..## #### ..
####.###..#.)... .
............##
..#####........#
...............#


You could see 2 gnolls.

Vanquished Creatures
  A gnoll (D:2)
  An adder (D:2)
  A dart slug (D:1)
  2 leopard geckos (D:1)
  A giant cockroach (D:1)
  4 hobgoblins (D:1)
  A kobold (D:1)
  A quokka (D:2)
  2 bats (D:1)
  2 frilled lizards (D:2)
  3 goblins
  2 rats (D:1)
21 creatures vanquished.

Notes
Turn   | Place    | Note
-------+----------+-------------------------------------------
     0 | D:1      | Astral24 the Formicid Fighter began the quest for the Orb.
     0 | D:1      | Reached XP level 1. HP: 18/18 MP: 1/1
   171 | D:1      | Reached XP level 2. HP: 24/24 MP: 2/2
   776 | D:1      | You fall through a shaft!
   873 | D:1      | You fall through a shaft!
   881 | D:2      | Reached XP level 3. HP: 29/29 MP: 3/3
   914 | D:2      | Slain by a gnoll

Vault maps used:
D:1:      minmay_arrival_glassed_features, minivault_11
D:2:      first_bread

Action                   || total
-------------------------++-------
Melee: Long sword        ||    72
 Abil: Shaft Self        ||     1
Armor: Scale mail        ||    21
       Chain mail        ||    24
Dodge: Dodged            ||    18
Block: Shield            ||    47
       Rpst.: Long sword ||     5

Table legend:
 A = Spawn XP
 B = Non-spawn XP
 C = Spawn XP percentage of total XP
 D = Spawn monster count
 E = Non-spawn monster count
 F = Spawn count percentage of total count
 G = Total turns spent on level
                    A         B        C        D         E        F      G
               +---------+---------+-------+---------+---------+-------+---------
         Total |       0 |      63 |   0.0 |       0 |      21 |   0.0 |   914
               +---------+---------+-------+---------+---------+-------+---------
           D:1 |       0 |      27 |   0.0 |       0 |      14 |   0.0 |   861
           D:2 |       0 |      36 |   0.0 |       0 |       7 |   0.0 |    53
               +---------+---------+-------+---------+---------+-------+---------
